 Dungeon Crawl Stone Soup version 0.32-a0-520-g344ed53f66 (webtiles) character file.

Game seed: 9488550578869328164

8885 Dittersdorf the Fighter (level 11, 0/71 HPs)
             Began as a Gargoyle Fighter on Feb 27, 2024.
             Was an Initiate of Gozag.
             Slain by a wolf (4 damage)
             ... on level 10 of the Dungeon.
             The game lasted 00:13:12 (9607 turns).

Dittersdorf the Fighter (Gargoyle Fighter)          Turns: 9607, Time: 00:13:13

Health: 0/71       AC: 27    Str: 24    XL:     11   Next: 37%
Magic:  11/11      EV:  8    Int: 12    God:    Gozag
Gold:   1392       SH: 11    Dex:  9    Spells: 10/10 levels left

rFire   + . .        a - +3 morningstar (freeze)
rCold   . . .        c - +0 buckler
rNeg    + + .        E - +0 chain mail {rN+}
rPois   ∞            e - +2 helmet {Int+3}
rElec   +            u - +0 cloak
rCorr   .            C - +0 pair of gloves
SInv    .            r - +0 pair of boots of the Barnacled God {rF+}
Will    +....        t - amulet of reflection Stlth
                     v - ring of willpower
HPRegen 0.31/turn    H - ring of flight
MPRegen 0.12/turn

%: reflection
@: flying, studying Evocations
A: sickness immunity, AC +8, negative energy resistance 1, electricity
resistance, torment resistance 1, petrification resistance
a: Renounce Religion, Potion Petition, Call Merchant, Bribe Branch


You were on level 10 of the Dungeon.
You worshipped Gozag.
Gozag was most pleased with you.
You visited 3 branches of the dungeon, and saw 12 of its levels.

You collected 1460 gold pieces.
You paid 68 gold pieces to Gozag.

Inventory:

Hand Weapons
 a - a +3 morningstar of freezing (weapon)
Missiles
 f - 2 throwing nets
Armour
 c - a +0 buckler (worn)
 e - a +2 helmet of intelligence (worn)
 r - the +0 pair of boots of the Barnacled God (worn) {rF+}
   (You found it on level 3 of the Dungeon)

   rF+:       It protects you from fire.
 u - a +0 cloak (worn)
 C - a +0 pair of gloves (worn)
 E - a +0 chain mail of positive energy (worn)
Jewellery
 i - a ring of protection from fire
 s - a +4 ring of protection
 t - an amulet of reflection (around neck)
 v - a ring of willpower (left hand)
 H - a ring of flight (right hand)
Wands
 l - a wand of roots (20)
 m - a wand of mindburst (8) (quivered)
 F - a wand of paralysis (5)
Scrolls
 p - 6 scrolls of teleportation
 w - a scroll of fear
 y - 2 scrolls of blinking
 D - a scroll of enchant weapon
 I - 2 scrolls of revelation
Potions
 b - a potion of heal wounds
 d - a potion of might
 g - 4 potions of cancellation
 h - 2 potions of enlightenment
 j - a potion of berserk rage
 k - 2 potions of ambrosia
 o - a potion of magic
 q - 2 potions of brilliance
 x - a potion of resistance {unknown}
 z - a potion of invisibility {unknown}
 A - 2 potions of curing {unknown}
 B - a potion of haste {unknown}
 J - 2 potions of degeneration {unknown}
Miscellaneous
 G - a phantom mirror


   Skills:
 + Level 9.5 Fighting
 + Level 8.3 Maces & Flails
 + Level 9.4 Armour
 + Level 9.4 Shields
 + Level 9.0 Evocations


You had 10 spell levels left.
You didn't know any spells.
Your spell library contained the following spells:

 Spells                   Type           Power      Damage    Failure   Level
 Slow                     Hex            0%         N/A       86%         1
 Sting                    Conj/Alch      0%         1d3       86%         1
 Mercury Vapours          Alch/Air       0%         N/A       94%         2
 Confusing Touch          Hex            0%         N/A       99%         3
 Frozen Ramparts          Ice            0%         1d1       99%         3
 Inner Flame              Hex/Fire       0%         N/A       99%         3
 Sigil of Binding         Hex            0%         N/A       99%         3
 Vampiric Draining        Necr           0%         2d6       99%         3
 Anguish                  Hex/Necr       0%         N/A       100%        4
 Cause Fear               Hex            0%         N/A       100%        4
 Flame Wave               Conj/Fire      0%         2d4       100%        4
 Leda's Liquefaction      Alch/Erth      0%         N/A       100%        4
 Olgreb's Toxic Radiance  Alch           0%         N/A       100%        4
 Petrify                  Alch/Erth      0%         N/A       100%        4
 Sticky Flame             Fire/Alch      0%         2d4       100%        4
 Borgnjor's Vile Clutch   Necr/Erth      0%         N/A       100%        5
 Metabolic Englaciation   Hex/Ice        0%         N/A       100%        5
 Death Channel            Necr           0%         N/A       100%        6
 Enfeeble                 Hex            0%         N/A       100%        7
 Animate Dead             Necr           Unusable   N/A       N/A         4

Dungeon Overview and Level Annotations

Branches:
Dungeon (10/15)            Temple (1/1) D:4            Lair (1/5) D:10
    Orc: D:9-12

Altars:
Ashenzari
Cheibriados
Dithmenos
Elyvilon
Fedhas
Gozag
Hepliaklqana
Kikubaaqudgha
Makhleb
Nemelex Xobeh
Okawaru
Qazlal
Ru
Sif Muna
Trog
Uskayaw
Vehumet
Wu Jian
Xom
Yredelemnul
Zin
The Shining One

Annotations:
D:9 2 transporters


Innate Abilities, Weirdness & Mutations

You are immune to sickness and miasma.
Your stone body is resilient. (AC +8)
You are immune to poison.
You resist negative energy. (rN+)
You are resistant to electric shocks. (rElec)
You are resistant to unholy torment.
You are immune to petrification.


Message History

You are too injured to fight recklessly!
You are too injured to fight recklessly!
You are too injured to fight recklessly!
You are too injured to fight recklessly!
You are too injured to fight recklessly!
You are too injured to fight recklessly!
You are too injured to fight recklessly!
You are too injured to fight recklessly!
You are too injured to fight recklessly!
You are too injured to fight recklessly!
You are too injured to fight recklessly!
You block the wolf's attack. The wolf bites you but does no damage.
You block the wolf's attack.
The wolf bites you but does no damage. x3
The wolf bites you!
* * * LOW HITPOINT WARNING * * *
The wolf bites you but does no damage. x2
You fly upwards.
Welcome back to the Dungeon!
There is a staircase to the Lair here.
The wolf barely misses you. The wolf bites you.
* * * LOW HITPOINT WARNING * * *
The wolf attacks as it pursues you! The wolf barely misses you.
The wolf bites you but does no damage. You block the wolf's attack.
The wolf completely misses you. The wolf bites you but does no damage.
The wolf barely misses you. The wolf attacks as it pursues you!
You block the wolf's attack. The wolf attacks as it pursues you!
The wolf barely misses you. The wolf attacks as it pursues you!
The wolf bites you but does no damage. The wolf closely misses you.
The wolf attacks as it pursues you! You block the wolf's attack.
The wolf barely misses you. The wolf bites you.
* * * LOW HITPOINT WARNING * * *
The wolf bites you but does no damage. You block the wolf's attack.
The wolf bites you.
* * * LOW HITPOINT WARNING * * *
You block the wolf's attack. The wolf bites you!
* * * LOW HITPOINT WARNING * * *
The wolf attacks as it pursues you! The wolf bites you but does no damage.
You barely miss the wolf. The wolf bites you.
You die...
Your body crumbles into a pile of gold.

## ###...........## .##
##............#
..###..........#.###
.#..^#..........##.##
....................#
.....#...<......#..##
.....#..............## #
.#.............##....# ##
#....#.......hhh@...## #.
#..............##.### #.
................###### ##
.........>....h..###.## ###
............>...###...# ##.#
...............#.#.#.## ##...
....#................########....
....#..........#.#....#.#..###...
..............)...............<..


You could see 3 wolves.

Vanquished Creatures
  A two-headed ogre (D:10)
  Erica (D:7)
  An orange crystal statue (D:9)
  Joseph (D:8)
  A gargoyle (D:9)
  Jeremiah (D:8)
  A hornet (D:9)
  Sigmund (D:4)
  A shadow (D:10)
  2 wyverns
  3 yaks (D:8)
  A wraith (D:10)
  2 vampire mosquitoes (D:10)
  2 steam dragons
  An acid dragon (D:9)
  3 water moccasins
  7 orc warriors
  4 ice beasts
  A sky beast (D:7)
  2 black bears (D:6)
  2 ogres
  5 centaurs
  2 bullfrogs
  2 gnoll sergeants
  3 scorpions
  9 wights
  4 killer bees (D:8)
  An electric eel (D:7)
  A howler monkey (D:4)
  3 hounds
  8 bombardier beetles
  4 orc priests
  Crazy Yiuf (D:4)
  Terence (D:2)
  Jessica (D:2)
  Natasha (twice) (D:2)
  4 iguanas
  5 orc wizards
  14 gnolls
  12 adders
  A shadow imp (D:8)
  A white imp (D:7)
  2 ufetubi (D:6)
  2 dart slugs (D:1)
  3 ribbon worms
  20 orcs
  2 bats
  3 endoplasms
  2 giant cockroaches
  6 goblins
  5 hobgoblins
  11 kobolds
  4 quokkas
  9 ball pythons
  3 frilled lizards
  4 rats
199 creatures vanquished.

Notes
Turn   | Place    | Note
-------+----------+-------------------------------------------
     0 | D:1      | Dittersdorf the Gargoyle Fighter began the quest for the
                  | Orb.
     0 | D:1      | Reached XP level 1. HP: 14/14 MP: 1/1
   222 | D:1      | Reached XP level 2. HP: 19/19 MP: 2/2
   808 | D:2      | Reached XP level 3. HP: 24/24 MP: 3/3
   816 | D:2      | Noticed Terence
   840 | D:2      | Killed Terence
   841 | D:2      | Reached XP level 4. HP: 29/29 MP: 4/4
  1008 | D:2      | Noticed Jessica
  1017 | D:2      | Killed Jessica
  1047 | D:2      | Noticed Natasha
  1060 | D:2      | Killed Natasha
  1061 | D:2      | Reached XP level 5. HP: 9/33 MP: 5/5
  1442 | D:2      | Found a faded altar of an unknown god.
  1450 | D:2      | Noticed Natasha
  1458 | D:2      | Killed Natasha
  1841 | D:3      | Identified the +1 scale mail of Unreason {Dex+3}
  2092 | D:3      | Found a bloodstained altar of Trog.
  2092 | D:3      | Identified the +0 pair of boots of the Barnacled God {rF+}
  2362 | D:4      | Found a staircase to the Ecumenical Temple.
  2381 | D:4      | Noticed Sigmund
  2387 | D:4      | Reached XP level 6. HP: 34/39 MP: 6/6
  2470 | Temple   | Entered the Ecumenical Temple
  2496 | D:4      | Killed Sigmund
  2497 | D:4      | Reached skill level 5 in Armour
  2497 | D:4      | Reached skill level 5 in Shields
  2532 | D:4      | Reached skill level 5 in Fighting
  2532 | D:4      | Reached XP level 7. HP: 44/44 MP: 7/7
  2728 | D:4      | Found a runed translucent door.
  2729 | D:4      | Noticed Crazy Yiuf
  2737 | D:4      | Killed Crazy Yiuf
  2784 | D:4      | Found a burning altar of Makhleb.
  3389 | D:5      | Entered Level 5 of the Dungeon
  3397 | D:5      | Identified a scroll of acquirement
  3397 | D:5      | Acquired a manual of Evocations
  3433 | D:5      | Reached skill level 1 in Evocations
  3444 | D:5      | Found a snail-covered altar of Cheibriados.
  3489 | D:5      | Found a hide-covered altar of Uskayaw.
  3517 | D:4      | Reached XP level 8. HP: 43/51 MP: 8/8
  3719 | D:5      | Reached skill level 5 in Maces & Flails
  3995 | D:5      | Found an opulent altar of Gozag.
  4190 | D:5      | Became a worshipper of Gozag Ym Sagoz the Greedy
  4215 | D:6      | Found an iron altar of Okawaru.
  4571 | D:6      | Reached XP level 9. HP: 56/56 MP: 9/9
  5162 | D:6      | Reached skill level 5 in Evocations
  5201 | D:6      | Found a white marble altar of Elyvilon.
  5615 | D:7      | Found an ancient bone altar of Kikubaaqudgha.
  5800 | D:7      | Found an ornate altar of the Wu Jian Council.
  5931 | D:7      | Found a sparkling altar of Nemelex Xobeh.
  6316 | D:7      | Found a sacrificial altar of Ru.
  6321 | D:7      | Found a stormy altar of Qazlal.
  6435 | D:8      | Reached XP level 10. HP: 56/64 MP: 10/10
  6524 | D:8      | Noticed Erica
  6560 | D:7      | HP: 3/64 [Erica/+0 scimitar of flaming (3)]
  6572 | D:7      | Killed Erica
  7003 | D:8      | Noticed Jeremiah
  7284 | D:8      | Noticed Joseph
  7291 | D:8      | Killed Joseph
  7698 | D:8      | Killed Jeremiah
  7883 | D:9      | Found a transporter.
  8019 | D:9      | Found a transporter.
  8343 | D:9      | Noticed an orange crystal statue
  8452 | D:9      | Found a broken altar of Ashenzari.
  8584 | D:9      | Noticed a gargoyle
  8591 | D:9      | Killed a gargoyle
  8592 | D:9      | Reached XP level 11. HP: 68/71 MP: 11/11
  8874 | D:9      | Killed an orange crystal statue
  8979 | D:10     | Entered Level 10 of the Dungeon
  8979 | D:10     | Found a staircase to the Lair.
  9035 | D:10     | Noticed a two-headed ogre
  9038 | D:10     | Identified the +0 leather armour of the Horehound {Rampage
                  | ^Drain rPois Int+4}
  9043 | D:10     | Killed a two-headed ogre
  9589 | Lair:1   | Entered Level 1 of the Lair of Beasts
  9607 | D:10     | Slain by a wolf

Illustrated notes

Levels and vault maps discovered:
D:1:      minmay_arrival_widening_spiral_wide, layout_loops_ring
D:2:      layout_basic, shapermc_ecumenical_altar_mp_ritualfount,
          dk_noncrumbling_4, uniq_terence, uniq_jessica, uniq_natasha
D:3:      layout_basic, bloody_trog
D:4:      layout_loops_ring, mainiacjoe_overflow_surrounded_room,
          minmay_temple_entry_stoned_glass, corner_web_ring, kennysheep_path_1,
          uniq_crazy_yiuf_cottage, uniq_sigmund
D:5:      layout_cave_pools, lemuel_doored_altar, old_standard_altar,
          mainiacjoe_overflow_brackets
D:6:      layout_basic, kennysheep_mini_moat, okawaru_metal_pillars_1_2,
          bh_walls_and_bars
D:7:      layout_basic, kiku_gazebo_pond_becter, kennysheep_mini,
          nicolae_overflow_squiral, nicolae_overflow_crystal_walls, st_stairs_14
D:8:      layout_gridville, hangedman_decor_peaks_small,
          kennysheep_generic_room_16, uniq_joseph, uniq_jeremiah, uniq_erica
D:9:      gammafunk_steamed_eel, layout_irregular_city, old_standard_altar,
          minivault_15, nrook_uturn
D:10:     layout_cross, lair_entry_dummy, kennysheep_decorative_pillar,
          nicolae_nh_ransacked_shop
Temple:   nicolae_temple_figure_zero
Lair:1:   layout_cave_pods, nicolae_quartered_pool_super

Skill      XL: |  1  2  3  4  5  6  7  8  9 10 11 |
---------------+----------------------------------+-----
Fighting       | 4 5 6 7 9 |  9.5
Armour         | 4 5 6 7 9 |  9.4
Shields        | 4 5 6 7 9 |  9.4
Maces & Flails | 3 4 5 6 7 8 |  8.3
Evocations     | 1 4 6 8 9 |  9.0

Action                     |  1- 3 |  4- 6 |  7- 9 | 10-12 || total
---------------------------+-------+-------+-------+-------++-------
  Melee: Flail             |    81 |   104 |    94 |       ||   279
         Whip              |       |    65 |   253 |       ||   318
         Morningstar       |       |       |    18 |   262 ||   280
  Evoke: Wand              |       |       |     7 |     8 ||    15
    Use: Scroll            |     4 |     4 |     6 |     4 ||    18
         Potion            |       |       |       |     3 ||     3
 Armour: Scale mail        |    57 |    91 |       |       ||   148
         Skin              |     8 |     2 |       |       ||    10
         Chain mail        |       |    68 |   227 |   220 ||   515
         Plate armour      |       |       |    34 |   155 ||   189
  Dodge: Dodged            |    32 |    68 |   119 |    90 ||   309
         Repelled          |       |     2 |     1 |     2 ||     5
  Block: Buckler           |    18 |    52 |   104 |   213 ||   387
         Reflection        |       |       |     4 |    11 ||    15

Table legend: (Time is in decaauts)
 A = Elapsed time spent in this place.
 B = Non-inter-level travel time spent in this place.
 C = Inter-level travel time spent in this place.
 D = Time resting spent in this place.
 E = Time spent auto-exploring this place.
 F = Levels seen in this place.
 G = Mean time per level.
                   A        B        C        D        E       F      G
               +--------+--------+--------+--------+--------+-----+--------+
         Total |   9714 |   9417 |    297 |   1244 |   6059 |  12 |  809.5 |
       Dungeon |   9684 |   9388 |    296 |   1231 |   6059 |  10 |  968.4 |
        Temple |     16 |     16 |      0 |     13 |      0 |   1 |   16.0 |
          Lair |     12 |     12 |      0 |      0 |      0 |   1 |   12.0 |
               +--------+--------+--------+--------+--------+-----+--------+

Top non-repeatable levels by time:
     D:7: 1610 daAuts
     D:6: 1203 daAuts
     D:9: 1106 daAuts
     D:2: 1099 daAuts
     D:4: 907 daAuts
     D:8: 890 daAuts
     D:3: 776 daAuts
     D:1: 770 daAuts
     D:5: 698 daAuts
    D:10: 621 daAuts
  Temple: 16 daAuts
  Lair:1: 12 daAuts
